 Dungeon Crawl Stone Soup version 0.18.1-50-g88ac8fd (webtiles) character file.

38 lorenzova the Sneak (level 3, 0/16 HPs)
             Began as a Spriggan Enchanter on Oct 13, 2016.
             Slain by a kobold
             ... wielding a +0 dagger
              (4 damage)
             ... on level 2 of the Dungeon.
             The game lasted 00:02:05 (1331 turns).

lorenzova the Sneak (Spriggan Enchanter)            Turns: 1331, Time: 00:02:06

Health: 0/16       AC:  3    Str:  5    XL:     3   Next: 25%
Magic:  2/9        EV: 18    Int: 16    God:
Gold:   129        SH:  0    Dex: 16    Spells: 2 memorised, 6 levels left

rFire  . . .     SeeInvis +     a - +1 dagger
rCold  + . .     Gourm    .     b - +1 robe
rNeg   . . .     Faith    .     (shield restricted)
rPois  .         Spirit   .     (helmet restricted)
rElec  .         Dismiss  .     (no cloak)
rCorr  .         Reflect  .     (gloves unavailable)
SustAt .         Harm     .     (boots unavailable)
MR     .....                    (no amulet)
Stlth  +++.......               (no ring)
                                f - ring of protection from cold

@: very slightly contaminated, very quick, not resistant to hostile
enchantments, fairly stealthy
A: unfitting armour, see invisible, herbivore 3, speed 3, slow metabolism 2
a: no special abilities


You were on level 2 of the Dungeon.
You were not hungry.

You visited 1 branch of the dungeon, and saw 2 of its levels.

You collected 129 gold pieces.

Inventory:

Hand Weapons
 a - a +1 dagger (weapon)
Armour
 b - a +1 robe (worn)
Jewellery
 f - a ring of protection from cold (left hand)
Scrolls
 g - a scroll of amnesia {unknown}
 h - a scroll of remove curse {unknown}
 i - a scroll of identify {unknown}
 j - a scroll of fog {unknown}
Potions
 e - a potion of heal wounds {unknown}
Books
 c - a book of Maledictions

   Spells                             Type                      Level
   a - Corona                         Hexes                        1
   b - Ensorcelled Hibernation        Hexes/Ice                    2
   c - Confuse                        Hexes                        3
   d - Tukima's Dance                 Hexes                        3
   e - Dazzling Spray                 Conjuration/Hexes            3
Comestibles
 d - a bread ration


   Skills:
 - Level 1.1 Short Blades
 - Level 3.0 Dodging
 + Level 4.6 Stealth
 * Level 3.6 Spellcasting
 * Level 4.4 Hexes


You had 6 spell levels left.
You knew the following spells:

 Your Spells              Type           Power        Failure   Level  Hunger
a - Corona                Hex            ###....      3%          1    None
b - Ensorcelled Hibernat  Hex/Ice        ##....       12%         2    ##.....


Dungeon Overview and Level Annotations

Branches:
Dungeon (2/15)

Altars:


Innate Abilities, Weirdness & Mutations

You are tiny and cannot use many weapons and most armour.
You have supernaturally acute eyesight.
You are a herbivore.
You cover ground extremely quickly.
You need consume almost no food.


Message History

You hit the giant gecko.
You kill the giant gecko!
You hit the kobold.
The kobold is heavily wounded.
The kobold closely misses you.
You hit the kobold.
The kobold is severely wounded.
The kobold hits you with a dagger.
* * * LOW HITPOINT WARNING * * *
You are too injured to fight recklessly!
You are too injured to fight recklessly!
You are too injured to fight recklessly!
You are too injured to fight recklessly!
You hit the kobold but do no damage.
The kobold is severely wounded.
The kobold barely misses you.
You hit the kobold but do no damage.
The kobold is severely wounded.
The kobold hits you with a dagger.
You die...

##.#.#.##.# #.
+##.####.#......### ##
...........#......# #
...######....).### #.
#..#### #...##.######
#..# #..##.#
#...##.(.....
.....#..##.#
#...##..####.
........##.###...##..#
#.......K@(..........#
...#...###.###...##..#
#... ..............
.....####......##.##
....... .####.##.#
.###### .# .# .# .# .#


You could see a kobold.

Vanquished Creatures
  An adder (D:2)
  2 giant geckos
  A ball python (D:1)
  3 giant cockroaches
  4 goblins
  5 hobgoblins
  2 bats (D:1)
  2 giant newts (D:1)
  4 kobolds
  A rat (D:1)
25 creatures vanquished.

Notes
Turn   | Place    | Note
--------------------------------------------------------------
     0 | D:1      | lorenzova the Spriggan Enchanter began the quest for the Orb.
     0 | D:1      | Reached XP level 1. HP: 9/9 MP: 5/5
   381 | D:1      | Reached XP level 2. HP: 7/13 MP: 7/7
   849 | D:1      | Learned a level 2 spell: Ensorcelled Hibernation
  1321 | D:2      | Reached XP level 3. HP: 9/16 MP: 1/9
  1331 | D:2      | Slain by a kobold

Skill      XL: |  1 |
---------------+----+-----
Hexes          | 4 |  4.4
Spellcasting   | 3 |  3.6
Short Blades   | |  1.1
Dodging        | |  3.0
Stealth        | |  4.6

Action                   || total
-------------------------++-------
Melee: Dagger            ||   121
 Cast: Ensorcelled Hiber ||     2
 Stab: Sleeping          ||     6
Armor: Robe              ||    14
Dodge: Dodged            ||    98
